 Dungeon Crawl Stone Soup version 0.28-a0-43-g560ac104fe (webtiles) character file.

Game seed: 3327435225667542059

101 Lekart the Skirmisher (level 4, -8/41 HPs)
             Began as a Draconian Chaos Knight on July 28, 2021.
             Was a Plaything of Xom.
             Killed by nerve-wracking pain
             ... invoked by Grinder
              (11 damage)
             ... on level 4 of the Dungeon.
             The game lasted 00:04:03 (2800 turns).

Lekart the Skirmisher (Draconian Chaos Knight)      Turns: 2800, Time: 00:04:04

Health: -8/41      AC:  5    Str: 16    XL:     4   Next: 48%
Magic:  4/4        EV: 12    Int: 12    God:    Xom [.....*]
Gold:   64         SH:  5    Dex: 10    Spells: 3/3 levels left

rFire   . . .      SeeInvis .   a - +0 falchion (chaos)
rCold   . . .      Faith    .   (no shield)
rNeg    . . .      Spirit   .   (armour unavailable)
rPois   .          Reflect  +   (helmet restricted)
rElec   .          Harm     .   (no cloak)
rCorr   .          Rampage  .   (no gloves)
Will    .....                   (no boots)
Stlth   +.........              b - amulet of reflection
HPRegen 0.13/turn               (no ring)
MPRegen 0.09/turn               (no ring)

@: on berserk cooldown, slowed, very slow
A: AC +5, unfitting armour, cold-blooded
a: Renounce Religion


You were on level 4 of the Dungeon.
You worshipped Xom.
You were Xom's teddy bear.
You visited 1 branch of the dungeon, and saw 4 of its levels.

You collected 64 gold pieces.

Inventory:

Hand Weapons
 a - a +0 falchion of chaos (weapon)
Jewellery
 b - an amulet of reflection (around neck)
 c - a ring of magical power
 e - a ring of ice
 f - an amulet of magic regeneration
 g - an amulet of faith


   Skills:
 * Level 4.6 Fighting
 + Level 3.9 Long Blades
 + Level 2.7 Dodging
 + Level 0.2 Shields


You had 3 spell levels left.
You didn't know any spells.
Your spell library contained the following spells:

 Spells                   Type           Power      Damage    Failure   Level
 Beastly Appendage        Tmut           0%         N/A       32%         1
 Wereblood                Tmut           0%         N/A       45%         2
 Spider Form              Tmut/Pois      0%         N/A       69%         3


Dungeon Overview and Level Annotations

Branches:
Dungeon (4/15)
 Temple: D:4-7

Altars:
Fedhas
Gozag
Yredelemnul

Annotations:
D:3 exclusion: downstairs
D:4 Grinder


Innate Abilities, Weirdness & Mutations

Your plain brown scales are hard. (AC +5)
You cannot fit into any form of body armour.
You are cold-blooded and may be slowed by cold attacks.


Message History

Grinder is moderately wounded.
Grinder misses you.
Your crimson imp blinks!
You hit Grinder. You burn Grinder.
Grinder is heavily wounded.
Grinder hits you.
You writhe in agony.
Grinder hits you.
* * * LOW HITPOINT WARNING * * *
You writhe in agony.
* * * LOW HITPOINT WARNING * * *
You feel better.
You feel yourself slow down. You block Grinder's attack.
You barely miss Grinder.
Grinder is heavily wounded.
Grinder barely misses you.
You hit Grinder.
Grinder is heavily wounded.
Grinder says, "I used to sell toenails on the black market."
You block Grinder's attack. Grinder hits you.
* * * LOW HITPOINT WARNING * * *
You barely miss Grinder.
Grinder is heavily wounded.
Grinder hits you but does no damage.
Your crimson imp blinks!
Grinder hits you!
* * * LOW HITPOINT WARNING * * *
You feel better. You block Grinder's attack.
You slash Grinder! You tail-slap Grinder.
Grinder is severely wounded.
Grinder gestures at you.
You suddenly lose the ability to move!
Grinder hits you!
* * * LOW HITPOINT WARNING * * *
You writhe in agony.
* * * LOW HITPOINT WARNING * * *
Grinder hits you but does no damage.
You can move again.
You swap places.
Your crimson imp hits Grinder.
Grinder gestures at you. Pain shoots through your body!
You die...

#......).............#.#
##.....###..........).#
#.....###............##
#...)..................
#..................###.
#...............!......
#...........(.5....####
#.............5.†..#
####..<..(...@.....#
#...............#
##.................
.........####..#..
...........# ..#...
##..........# #.# ..
#.......... .#
#.......... #.........


You could see Grinder (ally target) and a friendly crimson imp (summoned).

Vanquished Creatures
  3 adders (D:2)
  2 river rats (D:2)
  A worm (D:2)
  3 dart slugs
  An orc (D:3)
  4 ball pythons
  5 bats
  3 endoplasms (D:2)
  3 giant cockroaches (D:3)
  4 goblins
  2 hobgoblins
  3 jackals (D:3)
  4 kobolds
  3 quokkas
  A frilled lizard (D:2)
  2 rats (D:3)
44 creatures vanquished.

Vanquished Creatures (others)
  A plant (D:3)
1 creature vanquished.

Grand Total: 45 creatures vanquished

Notes
Turn   | Place    | Note
-------+----------+-------------------------------------------
     0 | D:1      | Lekart the Draconian Chaos Knight began the quest for the
                  | Orb.
     0 | D:1      | Reached XP level 1. HP: 19/19 MP: 1/1
     5 | D:1      | You fall into a shaft and drop 1 floor!
   164 | D:2      | Reached XP level 2. HP: 22/27 MP: 2/2
   293 | D:2      | HP: 1/27 [river rat (5)]
   310 | D:2      | XOM: silly message
   328 | D:2      | XOM: potion effect (brilliance)
   589 | D:2      | Reached skill level 4 in Fighting
   650 | D:2      | Reached XP level 3. HP: 15/33 MP: 3/3
   859 | D:2      | XOM: silly message
   905 | D:2      | XOM: 2-stop teleportation journey
  1102 | D:2      | XOM: silly message
  1170 | D:2      | Reached XP level 4. HP: 27/41 MP: 4/4
  1799 | D:3      | XOM: 2-stop teleportation journey
  1878 | D:3      | XOM: scenery: summon butterflies
  1903 | D:3      | Found a blossoming altar of Fedhas.
  2028 | D:3      | XOM: scenery: 1 doors open, 1 doors close
  2360 | D:3      | Found a large runed translucent door.
  2365 | D:3      | Found a large runed translucent door.
  2598 | D:3      | Found a basalt altar of Yredelemnul.
  2608 | D:3      | Found an opulent altar of Gozag.
  2656 | D:4      | Noticed Grinder
  2741 | D:4      | Paralysed by Grinder for 6 turns
  2750 | D:4      | Paralysed by something for 4 turns
  2769 | D:4      | XOM: summons friendly crimson imp
  2770 | D:4      | Paralysed by Grinder for 5 turns
  2797 | D:4      | Paralysed by Grinder for 2 turns
  2800 | D:4      | Killed from afar by Grinder

Illustrated notes

Levels and vault maps discovered:
D:1:      ncdulo_lavacross, layout_basic, chequers_ecumenical_altar_island
D:2:      layout_loops_ring, serial_forest, infiniplex_forest_end_2,
          infiniplex_forest_join, infiniplex_forest_lined_corner,
          infiniplex_forest_lined_4_way, infiniplex_forest_end_3,
          infiniplex_forest_corner_2, infiniplex_forest_corner_1,
          minmay_distorted
D:3:      layout_basic, jmf_multi_god_temple2, fedhas_ov_isle_minmay
D:4:      minmay_door_path, layout_rooms, old_standard_altar, uniq_grinder

Skill      XL: |  1  2 |
---------------+-------+-----
Fighting       | 4 |  4.6
Long Blades    | |  3.9
Dodging        | |  2.7
Shields        | |  0.2

Action                   |  1- 3 |  4- 6 || total
-------------------------+-------+-------++-------
Melee: Falchion          |    61 |    68 ||   129
       Tailslap          |     9 |     9 ||    18
  Use: Potion            |     2 |     7 ||     9
       Scroll            |       |     1 ||     1
Armor: Skin              |    16 |    33 ||    49
Dodge: Dodged            |    40 |    41 ||    81
Block: Other             |     3 |    21 ||    24
       Rpst.: Falchion   |    16 |    16 ||    32

Table legend: (Time is in decaauts)
 A = Elapsed time spent in this place.
 B = Non-inter-level travel time spent in this place.
 C = Inter-level travel time spent in this place.
 D = Time resting spent in this place.
 E = Time spent auto-exploring this place.
 F = Levels seen in this place.
 G = Mean time per level.
                   A        B        C        D        E       F      G
               +--------+--------+--------+--------+--------+-----+--------+
         Total |   2824 |   2672 |    152 |    221 |   2050 |   4 |  706.0 |
       Dungeon |   2824 |   2672 |    152 |    221 |   2050 |   4 |  706.0 |
               +--------+--------+--------+--------+--------+-----+--------+

Top non-repeatable levels by time:
     D:2: 1706 daAuts
     D:3: 1008 daAuts
     D:4: 104 daAuts
     D:1: 5 daAuts
